 Dungeon Crawl Stone Soup version 0.28.0-45-g0d030f2227 (webtiles) character file.

Game seed: 8565546885682694426

646 Woods the Insei (level 7, 0/53 HPs)
             Began as a Gnoll Transmuter on Apr 5, 2022.
             Succumbed to a scorpion's poison
             ... on level 4 of the Dungeon.
             The game lasted 00:06:00 (5349 turns).

Woods the Insei (Gnoll Transmuter)                  Turns: 5349, Time: 00:06:01

Health: 0/53       AC:  2    Str:  9    XL:     7   Next: 52%
Magic:  14/15      EV: 14    Int: 14    God:
Gold:   83         SH:  0    Dex: 13    Spells: 11/17 levels left

rFire   . . .      SeeInvis .     - Unarmed
rCold   . . .      Faith    .   (no shield)
rNeg    . . .      Spirit   .   a - +0 robe
rPois   .          Reflect  .   (helmet currently unavailable)
rElec   .          Harm     .   (no cloak)
rCorr   .          Rampage  .   (no gloves)
Will    .....                   (boots currently unavailable)
Stlth   ++........              (no amulet)
HPRegen 0.17/turn               (no ring)
MPRegen 0.14/turn               (no ring)

@: lethally poisoned (0 -> -6), appendages
A: horns 2, talons 2, fangs 1, strong nose, distributed training
a: End Transformation


You were on level 4 of the Dungeon.
You had temporarily grown beastly horns and talons.
You visited 1 branch of the dungeon, and saw 4 of its levels.

You collected 83 gold pieces.

Inventory:

Armour
 a - a +0 robe (worn)
 i - a +0 chain mail
Jewellery
 j - a ring of flight
 n - a +6 ring of dexterity
 r - an amulet of faith
Wands
 k - a wand of iceblast (12)
Scrolls
 f - a scroll of holy word {unknown}
 g - 2 scrolls of noise {unknown}
 h - a scroll of teleportation {unknown}
 l - a scroll of amnesia {unknown}
 m - 2 scrolls of identify {unknown}
 o - a scroll of fog {unknown}
 s - a scroll of enchant weapon {unknown}
 t - a scroll of enchant armour {unknown}
Potions
 b - a potion of invisibility {unknown}
 c - a potion of flight {unknown}
 d - a potion of curing {unknown}
 e - 2 potions of mutation {unknown}
 p - a potion of attraction {unknown}
 q - a potion of cancellation {unknown}


   Skills:
 + Level 3.6 Fighting
 + Level 2.5 Short Blades
 + Level 2.5 Long Blades
 + Level 2.5 Axes
 + Level 2.5 Maces & Flails
 + Level 2.5 Polearms
 + Level 2.5 Staves
 + Level 2.5 Slings
 + Level 2.5 Bows
 + Level 2.5 Crossbows
 + Level 2.5 Throwing
 + Level 2.5 Armour
 + Level 5.2 Dodging
 + Level 2.5 Stealth
 + Level 2.5 Shields
 + Level 7.0 Unarmed Combat
 + Level 5.6 Spellcasting
 + Level 2.0 Conjurations
 + Level 2.0 Hexes
 + Level 2.0 Summonings
 + Level 2.0 Necromancy
 + Level 2.0 Translocations
 + Level 4.3 Transmutations
 + Level 2.0 Fire Magic
 + Level 2.0 Ice Magic
 + Level 2.0 Air Magic
 + Level 2.0 Earth Magic
 + Level 2.0 Poison Magic
 + Level 2.8 Invocations
 + Level 2.5 Evocations


You had 11 spell levels left.
You knew the following spells:

 Your Spells              Type           Power      Damage    Failure   Level
a - Beastly Appendage     Tmut           32%        N/A       2%          1
b - Wereblood             Tmut           16%        N/A       4%          2
c - Spider Form           Tmut/Pois      13%        N/A       13%         3

Your spell library contained the following spells:

 Spells                   Type           Power      Damage    Failure   Level
 Ice Form                 Ice/Tmut       13%        N/A       41%         4


Dungeon Overview and Level Annotations

Branches:
Dungeon (4/15)
 Temple: D:4-7

Altars:
Hepliaklqana
Qazlal
Vehumet

Shops:
D:2 ?[


Innate Abilities, Weirdness & Mutations

You have temporarily grown beastly horns and talons.
You have very sharp teeth.
Your uncanny sense of smell can sniff out nearby items.
Your experience applies equally to all skills.


Message History

You hit the scorpion. Your punch misses the scorpion.
The scorpion is moderately wounded.
You feel very sick. The scorpion stings you!
You hit the scorpion. Your bite misses the scorpion.
The scorpion is heavily wounded.
You feel very sick. The scorpion stings you!
You are more poisoned.
The scorpion poisons you!
You hit the scorpion but do no damage.
The scorpion is heavily wounded.
You feel very sick. The scorpion barely misses you.
You hit the scorpion.
You punch the scorpion, but do no damage.
The scorpion is heavily wounded.
You feel very sick. The scorpion stings you.
* * * LOW HITPOINT WARNING * * *
Your magical contamination has completely faded away.
Casting: Beastly Appendage (safe; 2% risk of failure)
Confirm with . or Enter, or press ? or * to list all spells.
You grow a pair of large bovine horns.
Your feet morph into talons.
* * * LOW HITPOINT WARNING * * *
You feel sick. The scorpion closely misses you.
You hit the scorpion but do no damage. You claw the scorpion.
The scorpion is heavily wounded.
* * * LOW HITPOINT WARNING * * *
You feel sick. The scorpion misses you.
You closely miss the scorpion.
The scorpion is heavily wounded.
* * * LOW HITPOINT WARNING * * *
You feel sick. The scorpion stings you.
* * * LOW HITPOINT WARNING * * *
You hit the scorpion.
You claw the scorpion, but do no damage.
You punch the scorpion.
The scorpion is severely wounded.
You die...

# ##. .... ###### #....##
#....# #...######## ##....#
#s@......####.....#
########..........# #
#######.....##....#
###..###..........#########
#######....#...######.###
........#.##. #......#
.............###.#...##
............#......###
..........#...##..##


You could see a scorpion.

Vanquished Creatures
  A black bear (D:4)
  A bullfrog (D:4)
  A scorpion (D:3)
  3 hounds
  2 orc priests
  An iguana (D:2)
  An orc wizard (D:4)
  A howler monkey zombie (D:4)
  8 adders
  4 gnolls (D:3)
  2 dart slugs
  14 orcs
  11 endoplasms
  6 giant cockroaches
  8 goblins
  9 hobgoblins
  4 quokkas
  3 ball pythons
  5 bats
  5 frilled lizards
  13 kobolds
  5 rats
108 creatures vanquished.

Vanquished Creatures (others)
  6 plants (D:4)
6 creatures vanquished.

Grand Total: 114 creatures vanquished

Notes
Turn   | Place    | Note
-------+----------+-------------------------------------------
     0 | D:1      | Woods the Gnoll Transmuter began the quest for the Orb.
     0 | D:1      | Reached XP level 1. HP: 17/17 MP: 6/6
   228 | D:1      | Reached XP level 2. HP: 23/23 MP: 5/7
   651 | D:1      | Reached XP level 3. HP: 28/28 MP: 7/9
   654 | D:1      | Learned a level 2 spell: Wereblood
   658 | D:1      | Learned a level 3 spell: Spider Form
   682 | D:1      | Reached skill level 5 in Spellcasting
  1188 | D:2      | Found a hazy altar of Hepliaklqana.
  1206 | D:2      | Reached skill level 1 in Short Blades
  1206 | D:2      | Reached skill level 1 in Long Blades
  1206 | D:2      | Reached skill level 1 in Axes
  1206 | D:2      | Reached skill level 1 in Maces & Flails
  1206 | D:2      | Reached skill level 1 in Polearms
  1206 | D:2      | Reached skill level 1 in Staves
  1206 | D:2      | Reached skill level 1 in Slings
  1206 | D:2      | Reached skill level 1 in Bows
  1206 | D:2      | Reached skill level 1 in Crossbows
  1206 | D:2      | Reached skill level 1 in Throwing
  1206 | D:2      | Reached skill level 1 in Armour
  1206 | D:2      | Reached skill level 1 in Stealth
  1206 | D:2      | Reached skill level 1 in Shields
  1206 | D:2      | Reached skill level 1 in Invocations
  1206 | D:2      | Reached skill level 1 in Evocations
  1206 | D:2      | Reached XP level 4. HP: 3/34 MP: 7/11
  1594 | D:2      | Reached skill level 1 in Conjurations
  1594 | D:2      | Reached skill level 1 in Hexes
  1594 | D:2      | Reached skill level 1 in Summonings
  1594 | D:2      | Reached skill level 1 in Necromancy
  1594 | D:2      | Reached skill level 1 in Translocations
  1594 | D:2      | Reached skill level 1 in Fire Magic
  1594 | D:2      | Reached skill level 1 in Ice Magic
  1594 | D:2      | Reached skill level 1 in Air Magic
  1594 | D:2      | Reached skill level 1 in Earth Magic
  1594 | D:2      | Reached skill level 1 in Poison Magic
  2200 | D:2      | Reached XP level 5. HP: 40/40 MP: 10/12
  2382 | D:2      | Found Zuetsit's Magic Scroll Boutique.
  2564 | D:2      | Found Ohotet's Armour Boutique.
  2621 | D:2      | Found a faded altar of an unknown god.
  3423 | D:3      | Found a radiant altar of Vehumet.
  3423 | D:3      | Found a faded altar of an unknown god.
  3433 | D:3      | Found a faded altar of an unknown god.
  3435 | D:3      | Found a hazy altar of Hepliaklqana.
  3437 | D:3      | Found a stormy altar of Qazlal.
  3723 | D:3      | Reached XP level 6. HP: 23/47 MP: 8/13
  4232 | D:3      | Reached skill level 5 in Dodging
  4454 | D:4      | Noticed a black bear
  4470 | D:4      | Killed a black bear
  4550 | D:3      | Reached XP level 7. HP: 36/52 MP: 11/15
  4898 | D:4      | Reached skill level 7 in Unarmed Combat
  5348 | D:4      | HP: 1/53 [scorpion (4)]
  5349 | D:4      | Succumbed to a scorpion's poison

Illustrated notes

Levels and vault maps discovered:
D:1:      arrival_zaba_pyramid, layout_basic, grunt_decor_clamped,
          minmay_misc_feat_square
D:2:      layout_basic, serial_shops, nicolae_shop_behind_doors, shop,
          basic_ecumenical_altar, basic_altar
D:3:      layout_basic, chequers_temple_overflow_minitemple, grunt_decor_cap
D:4:      layout_rooms, minmay_temple_entry_gardened_gates

Skill      XL: |  1  2  3  4  5  6  7 |
---------------+----------------------+-----
Spellcasting   | 5 |  5.6
Short Blades   | 1 2 |  2.5
Long Blades    | 1 2 |  2.5
Axes           | 1 2 |  2.5
Maces & Flails | 1 2 |  2.5
Polearms       | 1 2 |  2.5
Staves         | 1 2 |  2.5
Slings         | 1 2 |  2.5
Bows           | 1 2 |  2.5
Crossbows      | 1 2 |  2.5
Throwing       | 1 2 |  2.5
Armour         | 1 2 |  2.5
Stealth        | 1 2 |  2.5
Shields        | 1 2 |  2.5
Invocations    | 1 2 |  2.8
Evocations     | 1 2 |  2.5
Conjurations   | 1 2 |  2.0
Hexes          | 1 2 |  2.0
Summonings     | 1 2 |  2.0
Necromancy     | 1 2 |  2.0
Translocations | 1 2 |  2.0
Fire Magic     | 1 2 |  2.0
Ice Magic      | 1 2 |  2.0
Air Magic      | 1 2 |  2.0
Earth Magic    | 1 2 |  2.0
Poison Magic   | 1 2 |  2.0
Fighting       | 3 |  3.6
Transmutations | 4 |  4.3
Dodging        | 5 |  5.2
Unarmed Combat | 7 |  7.0

Action                   |  1- 3 |  4- 6 |  7- 9 || total
-------------------------+-------+-------+-------++-------
Melee: Unarmed           |    76 |   176 |    64 ||   316
       Headbutt          |     8 |    22 |     2 ||    32
       Kick              |     7 |    27 |    10 ||    44
       Bite              |     5 |    10 |     2 ||    17
       Punch             |     1 |     5 |     3 ||     9
 Cast: Beastly Appendage |    16 |    27 |     6 ||    49
       Spider Form       |     1 |     4 |     3 ||     8
 Abil: End Transformatio |       |     1 |       ||     1
 Stab: Sleeping          |       |     3 |     1 ||     4
Armor: Robe              |    12 |     8 |     3 ||    23
       Skin              |       |     3 |       ||     3
Dodge: Dodged            |    47 |   100 |    34 ||   181
